Cogmind - Beta 13 @@@ ROGUE MODE // 2024.04.27 @ 21:08:30 Player: luckinvolved Result: Destroyed self with Precision Rocket Launcher Performance ------------- Evolutions (1) 500 Regions Visited (4) 800 Robots Destroyed (68) 340 Value Destroyed (1829) 1829 Prototype IDs (7) 140 Alien Tech Used (0) 0 Bonus (435) 435 TOTAL SCORE: 4044 Bonus ------- High Alert Combat Kills 64 Follower Combat Kills 435 Entered Garrisons 200 Friendly Fire -264 Cogmind --------- Core Integrity 0/400 Matter 36/300 Energy 280/280 System Corruption 0% Temperature Cool (0) Movement Treading (560) Ox5 Location -9/Garrison Parts ------- > --- POWER (1) -------- Heavy Ion Engine > --- PROPULSION (2) --- Light Treads > --- UTILITY (4) ------ Huge Storage Unit Signal Interpreter Improved Targeting Computer Hardened Light Armor Plating > --- WEAPON (2) ------- Rocket Launcher Precision Rocket Launcher > --- INVENTORY (25) --- Ion Engine Improved Ion Engine Heavy Ion Engine Heavy Ion Engine Light Nuclear Core Light Treads Light Treads Light Treads Heat Sink Small Storage Unit Structural Scanner Terrain Scan Processor Seismic Detector Transport Network Coupler Medium Armor Plating Beam Rifle Particle Gun Advanced Beam Cannon Autogun Autogun Autogun Improved Assault Rifle Rocket Launcher Katana Peak State ------------ > --- POWER ------------ Heavy Ion Engine > --- PROPULSION ------- Light Treads Light Treads > --- UTILITY ---------- Huge Storage Unit Signal Interpreter Improved Targeting Computer Light Armor Plating > --- WEAPON ----------- Improved Assault Rifle Precision Rocket Launcher > --- INVENTORY -------- Ion Engine Improved Ion Engine Heavy Ion Engine Heavy Ion Engine Light Nuclear Core Light Treads Light Treads Light Treads Heat Sink Small Storage Unit Structural Scanner Terrain Scan Processor Seismic Detector Transport Network Coupler Medium Armor Plating Hardened Light Armor Plating Beam Rifle Particle Gun Advanced Beam Cannon Autogun Autogun Autogun Rocket Launcher Rocket Launcher Katana [Rating: 23] Favorites ----------- Power Heavy Ion Engine Engine Heavy Ion Engine Propulsion Light Treads Treads Light Treads Flight Unit Improved Flight Unit Utility Huge Storage Unit Device ECM Suite Storage Huge Storage Unit Processor Improved Targeting Computer Protection Light Armor Plating Weapon Improved Assault Rifle Energy Gun Medium Laser Energy Cannon Advanced Beam Cannon Ballistic Gun Improved Assault Rifle Launcher Precision Rocket Launcher Slashing Weapon Katana Build | -11 -10 -9 -9 -9 ------- Run | Yrd Mat Mat Sto Gar Slots Evolved 2 | . . 2 . . Power . | . . . . . Propulsion . | . . . . . Utility 2 | . . 2 . . Weapon . | . . . . . Parts Attached 60 | 6 3 15 30 6 Power 6 | 1 1 3 1 . Engine 6 | 1 1 3 1 . Core . | . . . . . Reactor . | . . . . . Propulsion 9 | 2 . 2 5 . Treads 8 | 2 . 2 4 . Leg . | . . . . . Wheel . | . . . . . Hover . | . . . . . Flight 1 | . . . 1 . Utility 11 | 1 2 5 2 1 Device 4 | . 1 3 . . Storage 3 | 1 1 . 1 . Processor 2 | . . 2 . . Hackware . | . . . . . Protection 2 | . . . 1 1 Artifact . | . . . . . Weapon 34 | 2 . 5 22 5 Energy Gun 6 | 2 . 1 3 . Energy Cannon 1 | . . . 1 . Ballistic Gun 16 | . . 4 10 2 Ballistic Cannon . | . . . . . Launcher 6 | . . . 3 3 Special Weapon . | . . . . . Impact Weapon . | . . . . . Slashing Weapon 5 | . . . 5 . Piercing Weapon . | . . . . . Special Melee Weapon . | . . . . . Unidentified Prototypes 7 | . . . 7 . Parts Lost 11 | . 1 7 1 2 Power 4 | . 1 3 . . Propulsion 3 | . . 2 . 1 Utility 2 | . . . 1 1 Weapon 2 | . . 2 . . Highest Loss Streak 3 | . 1 3 1 1 To Critical Strikes . | . . . . . Average Slot Usage (%) 96 | . 98 91 98 98 Engine 11 | . 14 11 11 11 Treads 20 | . 28 13 21 20 Device 9 | . 12 22 5 . Storage 11 | . 14 11 11 11 Processor 15 | . . 10 22 22 Protection 3 | . . . 4 11 Energy Gun 6 | . 28 6 . . Ballistic Gun 11 | . . 15 16 . Launcher 2 | . . . . 21 Slashing Weapon 1 | . . . 3 . Naked Turns . | . . . . . Heaviest Build 173 | 14 89 94 173 105 Greatest Support 40 | 40 40 40 40 40 Greatest Overweight (x) 30 | . 2 30 4 5 Average Overweight (x) 1 | . . 4 2 2 Largest Inventory Capacity 25 | 8 25 25 25 25 Average Capacity 22 | 7 12 25 25 25 Most Carried 25 | 2 10 16 25 25 Average Carried 16 | 1 3 8 23 24 Final Capacity 25 | 8 25 25 25 25 Final Carried 25 | 2 10 16 25 24 Class Distribution -------------------- 92% | Mutant 4% | Commander-Mutant Dominant Class ---------------- Mutant | -10/Materials Mutant | -9/Materials Mutant | -9/Storage Mutant | -9/Garrison Resources | -11 -10 -9 -9 -9 ----------- Run | Yrd Mat Mat Sto Gar Matter Collected 1115 | 204 86 239 485 101 Remotely . | . . . . . Salvage Created 2472 | . 454 714 1104 200 Parts 140 | . 18 41 65 16 Haulers Intercepted 7 | . . 1 6 . Recyclers Shooed 2 | . . . 2 . Parts Field Recycled . | . . . . . Retrieved Matter . | . . . . . Parts Self-Destructed . | . . . . . Prevented . | . . . . . Kills | -11 -10 -9 -9 -9 ------- Run | Yrd Mat Mat Sto Gar Combat Hostiles Destroyed 50 | . 11 16 12 11 Guns 35 | . 11 16 7 1 Cannons 1 | . . . 1 . AOE 14 | . . . 4 10 Classes Destroyed 12 | . 3 5 4 . Worker 1 | . . 1 . . Builder 2 | . . 1 1 . Tunneler 1 | . . . 1 . Hauler 7 | . . 1 6 . Recycler 2 | . . . 2 . Mechanic 1 | . . . 1 . Watcher 3 | . 2 1 . . Swarmer 9 | . 3 3 . 3 Grunt 28 | . 8 9 3 8 Brawler 1 | . . . 1 . Duelist 5 | . . 3 2 . Sentry 7 | . . 1 6 . Thug 1 | . . . 1 . Best Kill Streak 5 | . 3 4 5 3 Combat Bots Only 4 | . 3 3 4 3 Max Kills in Single Turn 5 | . 1 2 5 3 Gunslinging 1 | . . 1 . . Exploded 3 | . . . 3 3 Melee . | . . . . . Uniques/NPCs Destroyed . | . . . . . Combat | -11 -10 -9 -9 -9 -------- Run | Yrd Mat Mat Sto Gar Hostile Shots Fired 218 | . 47 83 54 34 Missed 52 | . 13 18 10 11 Damage Taken 2514 | . 355 1015 684 460 Core 442 | . 16 280 82 64 Absorbed by Shields . | . . . . . Core Remaining (%) 96 | 100 93 . . . Volleys Fired 151 | . 37 50 56 8 Largest 2 | . 2 2 2 2 Hottest 124 | . 100 100 124 76 Shots Fired 300 | . 74 99 112 15 Gun 282 | . 74 99 105 4 Cannon 3 | . . . 3 . Launcher 15 | . . . 4 11 Special . | . . . . . Kinetic 153 | . . 47 102 4 Thermal 132 | . 74 52 6 . Explosive 15 | . . . 4 11 Electromagnetic . | . . . . . Robot Hit Streak 25 | . 13 25 21 3 Robot Miss Streak 3 | . 3 3 3 2 Penetration Max . | . . . . . Secondary Targets 7 | . 1 6 . . Max Gunslinging Chain 1 | . 1 1 . . Shots Hit Robots 225 | . 53 75 90 7 Core Hits 116 | . 24 36 43 13 Critical Kills . | . . . . . Critical Parts Destroyed 1 | . . . 1 . Critical Strikes 10 | . 6 2 2 . Burn 9 | . 6 2 1 . Destroy 1 | . . . 1 . Melee Attacks 22 | . . . 22 . Impact . | . . . . . Slashing 22 | . . . 22 . Piercing . | . . . . . Sneak Attacks 1 | . . . 1 . Combat Hostiles . | . . . . . Follow-up Attacks . | . . . . . Damage Inflicted 4964 | . 663 915 2444 942 Guns 2771 | . 663 915 1150 43 Cannons 62 | . . . 62 . Explosions 2073 | . . . 1174 899 Melee 58 | . . . 58 . Ramming . | . . . . . Kinetic 1560 | . . 410 1107 43 Thermal 1273 | . 663 505 105 . Explosive 2073 | . . . 1174 899 Electromagnetic . | . . . . . Impact . | . . . . . Slashing 58 | . . . 58 . Piercing . | . . . . . Highest Corruption . | . . . . . Average Corruption . | . . . . . Corruption Purged . | . . . . . Corruption Blocked . | . . . . . Overload Shots . | . . . . . Overflow Damage 76 | . . . 48 28 Projectiles . | . . . . . Explosions 58 | . . . 30 28 Melee 18 | . . . 18 . Knockbacks . | . . . . . Impact . | . . . . . Kinetic . | . . . . . Secondary . | . . . . . Self-Inflicted Damage 281 | . . . 54 227 Shots 8 | . . . 2 6 Rammed . | . . . . . Targets Rammed . | . . . . . Kicked . | . . . . . Crushed . | . . . . . Highest Temperature 405 | . 228 70 405 36 Average Temperature 65 | . 78 17 78 15 Received Heat Transfer 792 | . 165 228 267 132 Effects 2 | . 2 . . . Interference 2 | . 2 . . . Siege Activations . | . . . . . Robots Corrupted . | . . . . . Combat Hostiles . | . . . . . Parts Fried . | . . . . . Impact Corruptions . | . . . . . Robots Melted . | . . . . . Combat Hostiles . | . . . . . Parts Melted 13 | . 6 4 3 . Heat Transferred 4295 | . 2405 1594 296 . Parts Sabotaged . | . . . . . Parts Stolen . | . . . . . Parts Stripped . | . . . . . Power Chain Reactions . | . . . . . Alert | -11 -10 -9 -9 -9 ------- Run | Yrd Mat Mat Sto Gar Peak Influence 600 | . 137 192 418 600 Initial 271 | . . 12 53 271 Average 134 | . 62 70 118 418 Maximum Alert Level 2 | . . . 2 2 Low Security (%) 87 | 100 100 100 99 . Level 1 3 | . . . . 29 Level 2 8 | . . . . 70 Level 3 . | . . . . . Level 4 . | . . . . . Level 5 . | . . . . . High Security . | . . . . . Max Security . | . . . . . Squads Dispatched 10 | . 3 3 4 . Investigation 3 | . 1 2 . . Extermination . | . . . . . Reinforcement 4 | . 2 1 1 . Assault 2 | . . . 2 . Garrison 1 | . . . 1 . Intercept . | . . . . . Searches Triggered . | . . . . . Construction Impeded . | . . . . . Haulers Reinforced . | . . . . . Active Scanning Responses . | . . . . . Cargo Convoy Interrupts . | . . . . . Stealth | -11 -10 -9 -9 -9 --------- Run | Yrd Mat Mat Sto Gar Distress Signals 3 | . 1 1 1 . Communications Jammed . | . . . . . Distress Signals . | . . . . . Times Spotted 84 | . 24 20 27 13 Peak Tracking Total 9 | . 4 4 9 3 Tactical Retreats 6 | . 3 2 1 . Traps | -11 -10 -9 -9 -9 ------- Run | Yrd Mat Mat Sto Gar Traps Triggered 2 | . 1 1 . . Indirectly . | . . . . . Trap Hack Attempts . | . . . . . Triggered . | . . . . . Disarmed . | . . . . . Reprogrammed . | . . . . . Reused . | . . . . . Traps Extracted . | . . . . . Installed . | . . . . . Triggered . | . . . . . Machines | -11 -10 -9 -9 -9 ---------- Run | Yrd Mat Mat Sto Gar Machines Disabled 7 | . . . 7 . Max in Single Turn 2 | . . . 2 . Machines Repaired . | . . . . . Machines Dismantled . | . . . . . Machines Sabotaged . | . . . . . Overloaded Fab Kills . | . . . . . Hacking | -11 -10 -9 -9 -9 --------- Run | Yrd Mat Mat Sto Gar Machines Accessed 11 | . 1 3 6 1 Terminals 10 | . 1 3 5 1 Fabricators . | . . . . . Repair Stations . | . . . . . Recycling Units . | . . . . . Scanalyzers . | . . . . . Garrison Access 1 | . . . 1 . Total Hacks 21 | . 2 7 10 2 Successful 8 | . . 2 6 . Failed 13 | . 2 5 4 2 Catastrophic 6 | . 1 2 2 1 Database Lockouts . | . . . . . Manual 20 | . 2 7 11 . Terminals 19 | . 2 7 8 2 Fabricators . | . . . . . Repair Stations . | . . . . . Recycling Units . | . . . . . Scanalyzers . | . . . . . Garrison Access 2 | . . . 2 . Terminal Hacks 7 | . . 2 5 . Record 1 | . . . 1 . Open Door 3 | . . . 3 . Branch Access Points 1 | . . . 1 . Unreport Threat 1 | . . 1 . . Registered Components 1 | . . 1 . . Fabricator Hacks . | . . . . . Repair Station Hacks . | . . . . . Recycling Unit Hacks . | . . . . . Scanalyzer . | . . . . . Garrison Access Hacks 1 | . . . 1 . Unlock Access 1 | . . . 1 . Unauthorized Hacks . | . . . . . Terminals . | . . . . . Fabricators . | . . . . . Repair Stations . | . . . . . Recycling Units . | . . . . . Scanalyzers . | . . . . . Garrison Access . | . . . . . Data Cores Recovered . | . . . . . Used . | . . . . . Hacking Detections 8 | . 1 3 3 1 Full Trace Events 2 | . . 1 . 1 Feedback Events . | . . . . . Feedback Blocked . | . . . . . Robot Schematics Acquired . | . . . . . Robots Built . | . . . . . Authchips . | . . . . . Time . | . . . . . Total Robot Build Rating . | . . . . . Part Schematics Acquired . | . . . . . Parts Built . | . . . . . Authchips . | . . . . . Time . | . . . . . Total Part Build Rating . | . . . . . Parts Repaired . | . . . . . Time . | . . . . . Parts Recycled . | . . . . . Recycled Matter . | . . . . . Retrieved Matter . | . . . . . Retrieved Components . | . . . . . Parts Scanalyzed . | . . . . . Part Schematics Acquired . | . . . . . Parts Damaged . | . . . . . Bothacking | -11 -10 -9 -9 -9 ------------ Run | Yrd Mat Mat Sto Gar Used RIF Installer . | . . . . . Robots Hacked . | . . . . . Non-combat . | . . . . . Combat . | . . . . . Robot Hacks Applied . | . . . . . Relay Couplers Released . | . . . . . Fabnet Peak Effective % . | . . . . . Robots Rewired . | . . . . . Allies Hacked . | . . . . . Hacks Repelled . | . . . . . Allies | -11 -10 -9 -9 -9 -------- Run | Yrd Mat Mat Sto Gar Total Allies 12 | . . . 12 . Largest Group 10 | . . . 10 1 Highest-Rated Group 88 | . . . 88 31 Highest-Rated Ally 31 | . . . 31 31 Total Orders . | . . . . . Ally Attacks 95 | . . . 90 5 Total Damage 1074 | . . . 1011 63 Kills 21 | . . . 18 3 Allies Corrupted . | . . . . . Allies Melted . | . . . . . Intel | -11 -10 -9 -9 -9 ------- Run | Yrd Mat Mat Sto Gar Robot Analysis Total . | . . . . . Derelict Logs Recovered . | . . . . . Drone Launches . | . . . . . Drone Recoveries . | . . . . . Exploration | -11 -10 -9 -9 -9 ------------- Run | Yrd Mat Mat Sto Gar Turns Passed 5347 | 79 867 1144 2592 665 Spaces Moved 1481 | 45 347 207 697 185 Core 20 | 3 . 17 . . Treads 1461 | 42 347 190 697 185 Legs . | . . . . . Wheels . | . . . . . Hover . | . . . . . Flight . | . . . . . Fastest Speed 50 | 50 160 320 320 320 Average Speed 305 | 152 187 447 321 343 Slowest Speed 1550 | 160 320 1550 480 560 Overloaded Moves . | . . . . . Propulsion Burnouts . | . . . . . Robots Hopped . | . . . . . Cave-ins Triggered . | . . . . . Exploration Rate (%) 42 | 4 54 23 94 36 Regions Visited 4 Branch Regions 1 Pre-discovered Areas 1 | . . . 1 . Known Exits Taken 2 | . . 1 1 . Unknown Exits Taken 2 | 1 1 . . . Scrap Searched . | . . . . . Spaces Dug 6 | . . . 6 . Terrain Destroyed 139 | . . . 44 95 Melee 6 | . . . 6 . Projectile . | . . . . . AOE 133 | . . . 38 95 Terrain Rammed . | . . . . . Walls Destroyed . | . . . . . Machines Disabled . | . . . . . Actions | -11 -10 -9 -9 -9 --------- Run | Yrd Mat Mat Sto Gar Total 1970 | 52 491 326 902 199 Wait 203 | . 97 40 66 . Move 1478 | 44 346 206 697 185 Hop . | . . . . . Pick Up 40 | 2 8 15 15 . Fast Attach 17 | 6 1 2 8 . Attach 12 | . 1 9 1 1 Detach . | . . . . . Swap 31 | . 1 4 21 5 Drop 16 | . . . 16 . Fire 151 | . 37 50 56 8 Melee 22 | . . . 22 . Ram . | . . . . . Kick . | . . . . . Crush . | . . . . . Escape Stasis . | . . . . . Rewire . | . . . . . Trap . | . . . . . Miscellaneous . | . . . . . Route ------- -11/Scrapyard -10/Materials (discovered 2 exits: *Mat x2) -9/Materials -9/Storage (discovered 3 exits: [*Mat] / Rec / Gar) -9/Garrison History --------- Turn | Location | Event 4 | -11/Scrapyard | Discovered new exit (range 15) 80 | -11/Scrapyard | Entered Materials 305 | -10/Materials | Build established: Mutant 505 | -10/Materials | Discovered new exit (range 15) 876 | -10/Materials | Discovered new exit (range 7) 947 | -10/Materials | Entered another Materials area 947 | -9/Materials | Evolved 2 slots: Utility x2 1199 | -9/Materials | Lost 3 parts (1n2w) 1919 | -9/Materials | Core integrity fell below 50% 1992 | -9/Materials | Discovered new exit (range 9) 2087 | -9/Materials | Identified exit to Storage 2091 | -9/Materials | Entered Storage 2245 | -9/Storage | Assisted by bots powering up and referring to "LRC-V3" 2381 | -9/Storage | Lost 3 allies 2421 | -9/Storage | Identified exit to Recycling 2545 | -9/Storage | Lost 5 allies 3324 | -9/Storage | Discovered new exit (range 12) 4106 | -9/Storage | Core integrity fell below 20% 4509 | -9/Storage | Learned location of Armory (-3) 4529 | -9/Storage | Met a pair of Derelict thieves 4675 | -9/Storage | Identified exit to Garrison 4683 | -9/Storage | Entered Garrison 4683 | -9/Garrison | Accompanied by 1 ally 4761 | -9/Garrison | Triggered checkpoint 4873 | -9/Garrison | Triggered checkpoint 5153 | -9/Garrison | Triggered checkpoint 5321 | -9/Garrison | Triggered checkpoint 5348 | -9/Garrison | Destroyed self with Precision Rocket Launcher Last Messages --------------- 04899_ The unstable cave ceiling collapses. 04904_ Acquired 101 matter. 04912_ The unstable cave ceiling collapses. 04974_ ALERT: Dispatching investigation squad to Recycling. 05101_ The unstable cave ceiling collapses. 05153_ Beams of light sweep through the air. An alarm sounds. 05153_ Lgt. Armor Plating destroyed. 05155_ G-34 Mercenary destroyed. 05161_ Destroyed Aluminum Leg. 05170_ G-34 Mercenary destroyed. 05211_ Connecting with Garrison Terminal... 05211_ ALERT: Suspicious activity at Terminal G005. Transmitting hostile system tracking data. 05239_ Lgt. Treads destroyed. 05239_ Destroyed Lgt. Treads. 05239_ G-34 Mercenary destroyed. 05241_ The unstable cave ceiling collapses. 05244_ G-34 Mercenary destroyed. 05247_ The unstable cave ceiling collapses. 05348_ G-34 Mercenary destroyed. Map ----- +----------------------------------------------------+ | ?????????????????????????????????????????????????? | | ?????????????????????????????????????????????????? | | ?????????????????????????????????????????????????? | | ?????????????????????????????????????????????????? | | ?????????????????????????????????????????????????? | | ?????????????????????????????????????????????????? | | ?????????????????????????????????????????????????? | | ?????????????????????????????????????????????????? | | ?????????????????????????????????????????????????? | | ?????????????????????????????????????????????????? | | ?????????????????????????????????????????????????? | | ?????????????????????????????????????????????????? | | ?????????????????????????????????????????????????? | | ?????????????????????????????????????????????????? | | ?????????????????????????????????????????????????? | | ????????????????????????????????#????????????????? | | ??????????????????????????????? #????????????????? | | ??????????????????????????????? #????????????????? | | ??????????????????????????????? #????????????????? | | ??????????????????????????????? #????????????????? | | ???????????##????????????????? ##???????????????? | | ????????# ?# ######???????#### #???????????????? | | ?????## # # # #?????## # ##???????????????? | | ?????# ####### #???????????????? | | ##???# =[% #???????????????? | | #???# # [ @ % ???????????????? | | #???# # % # ######### #???????????????? | | #??# # #????????#### #???????????????? | | #??# ###????????????? #???????????????? | | #??## ###???????????????? #????????????????? | | #???## # T#???????????????????#????????????????? | | ######## ##????????????????????????????????????? | | ##* ## #?????????????????????????????????????? | | ### = ## ##????????????????????????????????????? | | #????????????????????????????????????? | | #????????????????????????????????????? | | #????????????????????????????????????? | | ## # #????????????????????????????????????? | | ## ## #????????????????????????????????????? | | "????????????????????????????????????? | | "????????????????????????????????????? | | "????????????????????????????????????? | | "????????????????????????????????????? | | ## ## #????????????????????????????????????? | | ## ## #????????????????????????????????????? | | ???????????????????????????????????? | | ???????????????????????????????????? | | ###??????????????????????????????????? | | ##""""######????????????????????????????????????? | | #???????????????????????????????????????????????? | +----------------------------------------------------+ Best States ------------- Heat Dissipation 38 Energy Generation 14 Energy Capacity 280 Matter Stores 300 Matter Capacity 300 Sight Range 16 Terrain Scan Density 10 ECM Strength 1 Armor Coverage 150 Evasion (%) 40 Targeting Accuracy 6 Recoil Reduction 2 Item Schematics ----------------- None Robot Schematics ------------------ None Fabricated ------------ Nothing Alien Tech Used ----------------- None Achievements -------------- None Challenges ------------ None Game ------ Seed NeutrinoNuclearFlail Manual? 0 Play Time 00:27:37 Cumulative 50.3 hours Start 2024.04.27 @ 20:41:33 End 2024.04.27 @ 21:08:30 Sessions 1 Manual Loads 0 Difficulty Rogue Special Mode None Game No. 83 Rogue 78 Adventurer 5 Explorer 0 Win Type - Total 1 Types 1/0/0/0/0/0/0/0/0 Lore% 14 Gallery% 51 Achievement% 33 Wizard Run 0 Options --------- Layout 0 ASCII 0 Keyboard 0 Movement Mouse Keybinds 0 Fullscreen 1 Font 24/Smallcaps Map View 76x50 Zoom Use 59% Tactical HUD 1 Map Filters NONE Filters NONE Steam 1 RUN: ce5d43a8-4172-4405-87a9-5a01f74f1ba2